AoeStats
← albanplumed

Arena

505098534Analyzed
3v3 RM · 24d ago on Sep 7, 2026· 33m 34s· 6 players
Game mode
Random Map
Map size
Normal (6 player)
Population
200
Speed
Normal
Resources
Standard
Victory
Conquest
Starting age
Dark Age
Ending age
Imperial Age
RankedLock teamsTeams togetherTeam positionsShared explorationLock speedFull tech treeHidden civsTurbo modeCheats
Victory
Defeat
🇹🇷 Spanish · Türkiye
1368
+13
🇹🇷 Persians · Türkiye
1294
+16
🇹🇷 Turks · Türkiye
1290
+16
🇲🇽 Shu · Mexico
1357
-18
🇲🇽 Khitans · Mexico
1266
-14
🇺🇸 Mongols · United States
1247
-13
albanplumed
11:01 Feudal Age
11:39 Loom
14:46 Castle Age
12:44 Horse Collar
13:33 Double-Bit Axe
18:30 Scale Barding Armor
19:27 Bloodlines
21:12 Husbandry
21:58 Heavy Plow
22:38 Chain Barding Armor
24:27 Husbandry
26:58 Forging
28:31 Wheelbarrow
28:56 Bow Saw
32:37 Iron Casting
32:05 Gold Mining
32:34 Hand Cart
33:11 Town Watch
ysk
12:06 Feudal Age
13:38 Loom
16:18 Castle Age
14:33 Double-Bit Axe
15:10 Horse Collar
25:03 Bow Saw
26:24 Heavy Plow
29:40 Imperial Age
27:59 Padded Archer Armor
29:03 Wheelbarrow
28:49 Gold Mining
Sem
10:38 Feudal Age
11:34 Loom
12:36 Fletching
20:13 Castle Age
18:27 Horse Collar
18:38 Double-Bit Axe
21:42 Bodkin Arrow
24:12 Padded Archer Armor
25:30 Leather Archer Armor
Shotzsik
6:28 Loom
8:56 Feudal Age
12:38 Wheelbarrow
11:52 Double-Bit Axe
14:45 Fletching
16:58 Horse Collar
23:13 Town Watch
23:28 Stone Mining
[XAAM]_Muffie_Cute
0:30 Loom
10:59 Feudal Age
15:50 Castle Age
14:13 Double-Bit Axe
15:38 Scale Barding Armor
16:46 Forging
19:34 Iron Casting
21:39 Chain Barding Armor
22:51 Husbandry
27:43 Imperial Age
MZTK l Toni tony chopeer
7:50 Loom
10:13 Feudal Age
Connection lost

Rejoining the realm…

Still unreachable

The connection could not be restored.

Session expired

The server has moved on; the page needs a fresh start.